 Dungeon Crawl Stone Soup version 0.28-a0-850-g09de17f5b5 (webtiles) character file.

Game seed: 3254172058585527172

109 BinkBink the Ducker (level 4, -3/24 HPs)
             Began as a Spriggan Abyssal Knight on Nov 14, 2021.
             Was a Follower of Lugonu.
             Killed from afar by an orc wizard (9 damage)
             ... with a puff of flame
             ... on level 3 of the Dungeon.
             The game lasted 00:12:34 (5084 turns).

BinkBink the Ducker (Spriggan Abyssal Knight)       Turns: 5084, Time: 00:12:34

Health: -3/24      AC:  2    Str:  9      XL:     4   Next: 60%
Magic:  7/7        EV: 18    Int: 10 (11) God:    Lugonu [*.....]
Gold:   177        SH:  0    Dex: 16      Spells: 6/6 levels left

rFire   . . .      SeeInvis +   r - +0 short sword (speed)
rCold   . . .      Faith    .   (shield restricted)
rNeg    . . .      Spirit   .   b - +0 robe
rPois   .          Reflect  .   (helmet restricted)
rElec   .          Harm     .   (no cloak)
rCorr   .          Rampage  .   (gloves unavailable)
Will    .....                   (boots unavailable)
Stlth   +.........              (no amulet)
HPRegen 0.08/turn               (no ring)
MPRegen 0.10/turn               (no ring)

@: confused, very quick
A: very small, no large weapons, unfitting armour, see invisible, speed 3
a: Renounce Religion, Depart the Abyss


You were on level 3 of the Dungeon.
You worshipped Lugonu.
Lugonu was aware of your devotion.
You visited 1 branch of the dungeon, and saw 3 of its levels.
You visited the Abyss 1 time.

You collected 177 gold pieces.

Inventory:

Hand Weapons
 a - a +1 short sword
 r - a +0 short sword of speed (weapon)
Armour
 b - a +0 robe (worn)
 o - a +0 pair of gloves
Jewellery
 e - the ring of the Crushed Places {rF+ rC+ rCorr Dex-5}
   (You found it on level 3 of the Abyss)

   [ring of protection from cold]

   Dex:       It affects your dexterity (-5).
   rF:        It protects you from fire.
   rC:        It protects you from cold.
   rCorr:     It protects you from acid and corrosion.
Wands
 d - a wand of charming (12)
 p - a wand of iceblast (6)
 s - a wand of polymorph (9)
Scrolls
 c - a scroll of blinking {unknown}
 h - 2 scrolls of teleportation {unknown}
 i - a scroll of enchant armour {unknown}
 j - a scroll of fear {unknown}
 m - a scroll of identify {unknown}
Potions
 f - a potion of lignification {unknown}
 g - a potion of flight {unknown}
 k - a potion of heal wounds
 l - 2 potions of magic {unknown}
 n - a potion of curing
 q - a potion of invisibility {unknown}


   Skills:
 + Level 3.0 Fighting
 + Level 3.1 Short Blades
 + Level 3.9 Dodging
 * Level 3.0 Stealth
 * Level 1.9 Spellcasting
 - Level 1.7 Invocations
 * Level 0.5 Evocations


You had 6 spell levels left.
You didn't know any spells.
Your spell library contained the following spells:

 Spells                   Type           Power      Damage    Failure   Level
 Animate Skeleton         Necr           0%         N/A       32%         1
 Pain                     Necr           0%         1d4       32%         1
 Sandblast                Erth           0%         2d4       32%         1
 Passwall                 Tmut/Erth      0%         N/A       43%         2
 Stone Arrow              Conj/Erth      0%         3d7       67%         3
 Vampiric Draining        Necr           0%         2d6       67%         3


Dungeon Overview and Level Annotations

Branches:
Dungeon (3/15)

Altars:
Okawaru

Shops:
D:3 =


Innate Abilities, Weirdness & Mutations

You are very small and have problems with some larger weapons.
You are too small for most types of armour.
You have supernaturally acute eyesight. (SInv)
You cover ground extremely quickly. (Speed+++)


Message History

The orc wizard misses you.
You hit the orc wizard but do no damage.
The orc wizard is moderately wounded.
The orc wizard misses you. The orc wizard blocks your attack.
The orc wizard is moderately wounded.
You hit the orc wizard but do no damage.
The orc wizard is moderately wounded.
The orc wizard points at you and mumbles some strange words.
You easily resist.
The orc wizard blocks your attack.
The orc wizard is moderately wounded.
The orc wizard hits you but does no damage.
You hit the orc wizard but do no damage.
The orc wizard is moderately wounded.
The orc wizard blocks your attack.
The orc wizard is moderately wounded.
The orc wizard hits you with a +0 dagger.
The orc wizard blocks your attack.
The orc wizard is moderately wounded.
The orc wizard hits you but does no damage.
You hit the orc wizard.
The orc wizard is moderately wounded.
The orc wizard blocks your attack.
The orc wizard is moderately wounded.
The orc wizard casts a spell at you.
You are confused.
You bump into the rock wall.
The orc wizard gestures at you while chanting.
The puff of flame hits you!
You bump into the rock wall.
You're too confused to move!
The orc wizard casts a spell at you. The magic dart hits you.
* * * LOW HITPOINT WARNING * * *
You miss the orc wizard.
The orc wizard is moderately wounded.
The orc wizard gestures at you while chanting.
The puff of flame hits you!
You die...

#.......#.#...####..##
#.....###.###.# ##..#
#....#.##.##.## ##..
##...##.....## ##.
##..###...## #.
##.##.....#### ##
##.#.##.##.#.###
##...###.###....####
#...@oB#.# ###.....##
#...##.#.# ###†....
#.<# #.#.. ###### #..
..... # #.. ...... #
.. ........ #
#..#........ # ..
#......... #
#........o. .


You could see an orc wizard and a giant cockroach.

Vanquished Creatures
  2 gnolls (D:2)
  3 adders
  A worm (D:2)
  A dart slug (D:1)
  4 orcs (D:3)
  5 ball pythons
  4 endoplasms
  4 giant cockroaches
  6 hobgoblins
  3 quokkas
  6 bats
  2 frilled lizards (D:3)
  5 goblins
  5 kobolds
  6 rats
57 creatures vanquished.

Vanquished Creatures (others)
  7 plants
7 creatures vanquished.

Grand Total: 64 creatures vanquished

Notes
Turn   | Place    | Note
-------+----------+-------------------------------------------
     0 | Abyss:1  | BinkBink the Spriggan Abyssal Knight began the quest for
                  | the Orb.
     0 | Abyss:1  | Reached XP level 1. HP: 11/11 MP: 3/3
     7 | Abyss:1  | Found a corrupted altar of Lugonu.
    68 | Abyss:1  | Noticed a large abomination
   131 | Abyss:2  | Noticed a large abomination
   137 | Abyss:3  | Identified the ring of the Crushed Places {rF+ rC+ rCorr
                  | Dex-5}
   155 | Abyss:3  | Noticed a large abomination
   173 | Abyss:3  | Noticed a large abomination
   203 | Abyss:4  | Noticed a tentacled starspawn
   207 | Abyss:4  | Noticed a spatial maelstrom
   216 | Abyss:4  | Noticed a spatial vortex
   216 | Abyss:4  | Noticed a spatial vortex
   220 | Abyss:4  | Noticed a spatial vortex
   220 | D:1      | Escaped the Abyss
   686 | D:1      | Reached XP level 2. HP: 12/16 MP: 4/4
   964 | D:1      | Reached skill level 1 in Stealth
  1135 | D:1      | Reached skill level 1 in Spellcasting
  1372 | D:2      | Found a faded altar of an unknown god.
  1407 | D:2      | Reached * piety under Lugonu
  1739 | D:2      | Found an iron altar of Okawaru.
  1966 | D:1      | Reached XP level 3. HP: 16/19 MP: 5/5
  4164 | D:2      | Reached XP level 4. HP: 23/23 MP: 7/7
  4600 | D:3      | Found Sairugh's Jewellery Emporium.
  5084 | D:3      | Killed from afar by an orc wizard

Illustrated notes

Levels and vault maps discovered:
D:1:      dpeg_arrival_rhombus, layout_basic, serial_curves, eino_curves_01,
          eino_curves_04, eino_curves_03, eino_curves_02, serial_bayou_ford_a
D:2:      layout_basic, basic_altar, chequers_ecumenical_altar_island,
          serial_bayou_pond_b, minmay_unequal
D:3:      layout_rooms, serial_shops, shop, amethyst_killhole, hex_intersection

Skill      XL: |  1  2  3  4 |
---------------+-------------+-----
Stealth        | 1 2 3 |  3.0
Spellcasting   | 1 |  1.9
Fighting       | 3 |  3.0
Short Blades   | 3 |  3.1
Dodging        | |  3.9
Invocations    | |  1.7
Evocations     | |  0.5

Action                   |  1- 3 |  4- 6 || total
-------------------------+-------+-------++-------
Melee: Short sword       |   181 |   106 ||   287
Invok: Depart the Abyss  |     1 |       ||     1
  Use: Potion            |     2 |     1 ||     3
 Stab: Sleeping          |     5 |     4 ||     9
Armor: Robe              |    15 |     7 ||    22
Dodge: Dodged            |   119 |    64 ||   183

Table legend: (Time is in decaauts)
 A = Elapsed time spent in this place.
 B = Non-inter-level travel time spent in this place.
 C = Inter-level travel time spent in this place.
 D = Time resting spent in this place.
 E = Time spent auto-exploring this place.
 F = Levels seen in this place.
 G = Mean time per level.
                   A        B        C        D        E       F      G
               +--------+--------+--------+--------+--------+-----+--------+
         Total |   4105 |   4019 |     86 |      0 |   2984 |   7 |  586.4 |
       Dungeon |   3965 |   3879 |     86 |      0 |   2900 |   3 | 1321.7 |
         Abyss |    139 |    139 |      0 |      0 |     84 |   4 |   34.8 |
               +--------+--------+--------+--------+--------+-----+--------+

Top non-repeatable levels by time:
     D:1: 2192 daAuts
     D:2: 1420 daAuts
     D:3: 353 daAuts
 Abyss:1: 49 daAuts
 Abyss:4: 31 daAuts
 Abyss:2: 31 daAuts
 Abyss:3: 28 daAuts
